 Dungeon Crawl Stone Soup version 0.28-a0-465-ge2dae52223 (webtiles) character file.

Game seed: 1198968929596076847

28273 Zenkrye the Arsonist (level 12, -1/102 HPs)
             Began as a Demigod Fire Elementalist on Sept 13, 2021.
             Slain by a boulder beetle (6 damage)
             ... on level 11 of the Dungeon on Sept 14, 2021.
             The game lasted 01:04:17 (17586 turns).

Zenkrye the Arsonist (Demigod Fire Elementalist)   Turns: 17586, Time: 01:04:17

Health: -1/102     AC:  9    Str:  9    XL:     12   Next: 74%
Magic:  2/27       EV: 16    Int: 45    God:
Gold:   951        SH:  5    Dex: 14    Spells: 8/26 levels left

rFire   + . .      SeeInvis .   Y - +6 war axe "Doga" {freeze, Drain +Blink rElec rF+}
rCold   . . .      Faith    .   P - +0 buckler
rNeg    . . .      Spirit   .   F - +0 steam dragon scales
rPois   .          Reflect  .   z - +0 helmet
rElec   +          Harm     .   S - +0 cloak
rCorr   .          Rampage  .   h - +0 pair of gloves
Will    +....                   p - +0 pair of boots
Stlth   ++........              v - amulet of the acrobat
HPRegen 0.27/turn               T - +6 ring of intelligence
MPRegen 0.20/turn               t - +6 ring of intelligence

@: very slightly contaminated
A: high mp 1, forlorn
a: Evoke Blink


You were on level 11 of the Dungeon.
You visited 3 branches of the dungeon, and saw 16 of its levels.

You collected 951 gold pieces.

Inventory:

Hand Weapons
 I - a +1 broad axe
 Y - the +6 war axe "Doga" (weapon) {freeze, Drain +Blink rElec rF+}
   (You took it off an orc on level 9 of the Dungeon)

   It freezes those it strikes, dealing additional cold damage.
   It can also slow down cold-blooded creatures.
   rF:        It protects you from fire.
   rElec:     It insulates you from electricity.
   +Blink:    It lets you blink.
   Drain:     It drains your maximum health when unequipped.
Missiles
 e - 78 poisoned darts
 k - 172 sling bullets
 L - 4 curare-tipped darts
 U - 10 boomerangs (quivered)
 V - 3 boomerangs of dispersal
Armour
 h - a +0 pair of gloves (worn)
 p - a +0 pair of boots (worn)
 z - a +0 helmet (worn)
 F - +0 steam dragon scales (worn)
 G - a scarf of resistance
 P - a +0 buckler (worn)
 S - a +0 cloak (worn)
 Z - a +0 troll leather armour
Magical Staves
 J - a staff of death
 N - a staff of earth
Jewellery
 c - a ring of protection from cold
 f - a ring of protection from fire
 r - a ring of resist corrosion
 s - a ring of flight
 t - a +6 ring of intelligence (right hand)
 v - an amulet of the acrobat (around neck)
 T - a +6 ring of intelligence (left hand)
 X - a ring of ice
Wands
 q - a wand of iceblast (10) {@v4}
 A - a wand of mindburst (32)
 C - a wand of acid (21) {@v2}
 E - a wand of flame (106)
 M - a wand of paralysis (13)
Scrolls
 a - a scroll of amnesia
 b - a scroll of blinking {@r4}
 j - 2 scrolls of immolation
 o - 2 scrolls of fog
 w - 3 scrolls of holy word
 x - a scroll of silence {unknown}
 y - 5 scrolls of teleportation {@r3}
 D - a scroll of summoning {unknown}
 H - 2 scrolls of magic mapping
Potions
 d - 3 potions of brilliance
 l - 3 potions of mutation
 m - 3 potions of curing {@q1}
 n - 2 potions of ambrosia
 u - 5 potions of might {@q4}
 K - 2 potions of berserk rage
 R - 2 potions of haste {@q3}
 W - 2 potions of heal wounds {@q2}


   Skills:
 + Level 8.2 Fighting
 + Level 3.8 Axes
 + Level 8.5 Dodging
 - Level 1.7 Stealth
 + Level 5.2 Shields
 + Level 7.5 Spellcasting
 - Level 5.0 Conjurations
 - Level 1.0 Necromancy
 + Level 12.4 Fire Magic
 + Level 0.9 Evocations


You had 8 spell levels left.
You knew the following spells:

 Your Spells              Type           Power      Damage    Failure   Level
a - Foxfire               Conj/Fire      100%       2x1d9     1%          1
b - Scorch                Fire           100%       2d10      0%          2
c - Flame Wave            Conj/Fire      77%        3d13      1%          4
d - Starburst             Conj/Fire      38%        6d11      7%          6
e - Fireball              Conj/Fire      38%        3d16      1%          5

Your spell library contained the following spells:

 Spells                   Type           Power      Damage    Failure   Level
 Animate Skeleton         Necr           52%        N/A       1%          1
 Apportation              Tloc           34%        N/A       1%          1
 Sandblast                Erth           34%        2d9       1%          1
 Summon Small Mammal      Summ           68%        N/A       1%          1
 Corpse Rot               Necr/Air       N/A        N/A       1%          2
 Conjure Flame            Conj/Fire      77%        6-21      1%          3
 Dazzling Flash           Conj/Hex       78%        N/A       1%          3
 Ignite Poison            Fire/Tmut/Pois 53%        N/A       1%          3
 Inner Flame              Hex/Fire       65%        N/A       1%          3
 Stone Arrow              Conj/Erth      78%        3d11      1%          3
 Sticky Flame             Conj/Fire      77%        2d9       1%          4
 Blink                    Tloc           N/A        N/A       2%          2
 Passwall                 Tmut/Erth      14%        N/A       2%          2
 Poisonous Vapours        Pois/Air       34%        N/A       2%          2
 Lesser Beckoning         Tloc           17%        N/A       4%          3
 Iskenderun's Battlesphe  Conj           58%        2d11      6%          5
 Animate Dead             Necr           13%        N/A       11%         4
 Dispel Undead            Necr           26%        3d13      11%         4
 Agony                    Necr           26%        N/A       30%         5
 Manifold Assault         Tloc           17%        N/A       41%         5
 Silence                  Hex/Air        8%         N/A       41%         5
 Ignition                 Fire           46%        3d13      54%         8
 Conjure Ball Lightning   Conj/Air       19%        3x3d6     65%         6
 Death Channel            Necr           13%        N/A       86%         6
 Orb of Destruction       Conj           29%        9d11      87%         7
 Haunt                    Necr/Summ      10%        N/A       100%        7
 Malign Gateway           Summ/Tloc      8%         N/A       100%        7
 Infestation              Necr           13%        N/A       100%        8
 Summon Horrible Things   Summ           8%         N/A       100%        8


Dungeon Overview and Level Annotations

Branches:
Dungeon (11/15)            Temple (0/1) D:6            Lair (4/6) D:9
 Shoals (0/4) Lair:2       Spider (0/4) Lair:3          Orc (1/2) D:9

Shops:
D:11 (

Annotations:
D:5 2 transporters, CraigForest's ghost, novice OgHu
D:6 1 runed translucent door, FilthyApe's ghost, novice MiFi
D:7 3 runed translucent doors, heikuro's ghost, novice FoFi
Lair:2 3 runed translucent doors, Dittersdorf's ghost, journeyman GrFi; Harold
Lair:3 exclusion: 2 oklob plants
Orc:1 Urug


Innate Abilities, Weirdness & Mutations

Your attributes grow dramatically as you level up.
You have an increased reservoir of magic. (+10% MP)
You shall have no god before yourself.


Message History

You hit the boulder beetle but do no damage.
The boulder beetle is severely wounded.
The boulder beetle bites you! The boulder beetle bites you!!
Aiming: Corrosive Bolt
Press: ? - help, Shift-Dir - straight line, f - boulder beetle
Aim: a boulder beetle (severely wounded, 100% to hit)
The bolt of acid hits the boulder beetle but does no damage.
The boulder beetle is severely wounded.
The boulder beetle bites you!
Aiming: Corrosive Bolt
Press: ? - help, Shift-Dir - straight line, f/p - boulder beetle
Aim: a boulder beetle (severely wounded, 100% to hit)
The bolt of acid hits the boulder beetle but does no damage.
The boulder beetle is severely wounded.
The boulder beetle barely misses you.
Aiming: Corrosive Bolt
Press: ? - help, Shift-Dir - straight line, f/p - boulder beetle
Aim: a boulder beetle (severely wounded, 100% to hit)
The bolt of acid hits the boulder beetle!
The acid corrodes the boulder beetle!
The boulder beetle is almost dead.
The boulder beetle bites you!!
Aiming: Mindburst
Press: ? - help, Shift-Dir - straight line, f/p - boulder beetle
Aim: a boulder beetle (almost dead, covered in acid, chance to affect: 52%)
The boulder beetle resists with significant effort.
The boulder beetle bites you!!
* * * LOW HITPOINT WARNING * * *
Aiming: Mindburst
Press: ? - help, Shift-Dir - straight line, f/p - boulder beetle
Aim: a boulder beetle (almost dead, covered in acid, chance to affect: 52%)
The boulder beetle resists with significant effort.
The boulder beetle bites you!
* * * LOW HITPOINT WARNING * * *
Aiming: Mindburst
Press: ? - help, Shift-Dir - straight line, f/p - boulder beetle
Aim: a boulder beetle (almost dead, covered in acid, chance to affect: 52%)
The boulder beetle resists with significant effort.
The boulder beetle bites you.
You die...

...######.#..O...#...##
.........[..##......##
.########......###..########
.###### #....##...)........#
....... #....##.#..........#
.######......##.#..........#
.# #....###.#.<........# .#
.....##.B#..........# ......
?........@..(.......# ##..##
####...###†######### ....#
.......###.# .# ...
###.#..##.# ###...
###.##..<.# .....
#.......### ..... #..#.###.#
..... .... #.# #.# .......##
... ...


You could see a boulder beetle (corroded).

Vanquished Creatures
  3 hydras
  2 boulder beetles
  Erica (D:8)
  2 two-headed ogres
  A death yak (Lair:4)
  An orc knight (Orc:1)
  A wolf spider (Lair:3)
  A cyclops (D:11)
  3 elephants (Lair:1)
  2 black mambas
  A torpor snail (Lair:2)
  Maggie (D:6)
  6 cane toads
  2 rime drakes (Lair:3)
  5 komodo dragons
  3 polar bears
  A troll (D:10)
  10 blink frogs
  A snapping turtle (Lair:2)
  2 redbacks (Lair:3)
  3 shadows (D:10)
  A basilisk (Lair:3)
  19 yaks
  4 wyverns
  4 steam dragons
  2 vampire mosquitoes (D:11)
  2 acid dragons
  6 water moccasins
  14 orc warriors
  3 black bears
  A sky beast (D:7)
  4 wolves (Lair:2)
  3 necrophages
  3 centaurs (D:9)
  Blork the orc (D:4)
  7 bullfrogs
  4 kobold brigands
  4 scorpions
  A wyvern skeleton (D:4)
  A water moccasin skeleton (D:5)
  12 killer bees
  6 wights
  2 electric eels (D:6)
  A howler monkey (D:6)
  A crimson imp (D:10)
  5 centaur zombies
  2 jellies
  A hound (D:7)
  2 bullfrog skeletons
  6 orc priests
  A centaur skeleton (D:7)
  4 iguanas
  4 hell rats (Lair:4)
  8 orc wizards
  A killer bee zombie (D:7)
  2 howler monkey zombies
  A howler monkey skeleton (D:6)
  4 adders
  2 white imps (D:6)
  An adder skeleton (D:4)
  2 worms
  A dart slug (D:4)
  23 orcs
  3 endoplasms
  2 giant cockroaches (D:1)
  6 goblins
  9 hobgoblins
  2 jackals (D:3)
  10 kobolds
  A quokka (D:1)
  12 ball pythons
  6 bats
  2 frilled lizards (D:2)
  A quokka skeleton (D:4)
  3 rats
285 creatures vanquished.

Vanquished Creatures (collateral kills)
  A foxfire (D:6)
1 creature vanquished.

Vanquished Creatures (others)
  An orc (Orc:1)
  381 foxfires
  23 fungi
  99 plants
504 creatures vanquished.

Grand Total: 790 creatures vanquished

Notes
Turn   | Place    | Note
-------+----------+-------------------------------------------
     0 | D:1      | Zenkrye the Demigod Fire Elementalist began the quest for
                  | the Orb.
     0 | D:1      | Reached XP level 1. HP: 14/14 MP: 5/5
    25 | D:1      | Reached skill level 1 in Conjurations
   401 | D:1      | Reached XP level 2. HP: 20/20 MP: 2/7
   497 | D:1      | Learned a level 2 spell: Scorch
   527 | D:1      | Reached skill level 3 in Fire Magic
  1182 | D:2      | Reached XP level 3. HP: 26/26 MP: 2/9
  2582 | D:3      | Noticed a scorpion
  2590 | D:3      | Killed a scorpion
  2591 | D:3      | Reached XP level 4. HP: 33/33 MP: 2/11
  2776 | D:3      | Learned a level 4 spell: Flame Wave
  2788 | D:4      | Noticed a necrophage
  2794 | D:4      | Killed a necrophage
  2795 | D:4      | Reached skill level 4 in Fire Magic
  2795 | D:4      | Reached XP level 5. HP: 23/38 MP: 1/12
  3167 | D:4      | Noticed Blork the orc
  3179 | D:4      | Killed Blork the orc
  3801 | D:4      | Reached XP level 6. HP: 37/45 MP: 6/13
  4284 | D:5      | Entered Level 5 of the Dungeon
  4303 | D:5      | Reached skill level 5 in Fire Magic
  4512 | D:5      | Found a transporter.
  4514 | D:5      | Found a transporter.
  4515 | D:5      | Noticed CraigForest's ghost (novice OgHu)
  4927 | D:6      | Reached XP level 7. HP: 41/50 MP: 11/14
  5030 | D:6      | Noticed a steam dragon
  5204 | D:6      | Reached skill level 5 in Conjurations
  5258 | D:6      | Reached skill level 6 in Fire Magic
  5269 | D:6      | Found a runed translucent door.
  5660 | D:7      | Noticed a steam dragon
  5680 | D:6      | Killed a steam dragon
  5680 | D:6      | Noticed Maggie
  5681 | D:6      | Reached XP level 8. HP: 57/57 MP: 2/18
  5699 | D:7      | Reached skill level 7 in Fire Magic
  5938 | D:6      | Reached skill level 5 in Spellcasting
  5951 | D:6      | Killed Maggie
  5952 | D:6      | Reached skill level 8 in Fire Magic
  5967 | D:6      | Learned a level 5 spell: Fireball
  6270 | D:6      | Found a staircase to the Ecumenical Temple.
  6360 | D:6      | Reached skill level 9 in Fire Magic
  6576 | D:6      | Noticed FilthyApe's ghost (novice MiFi)
  6770 | D:7      | Reached XP level 9. HP: 59/62 MP: 13/20
  7098 | D:7      | Found a runed translucent gate.
  7098 | D:7      | Found a runed translucent gate.
  7117 | D:7      | Found a runed translucent gate.
  7119 | D:7      | Noticed heikuro's ghost (novice FoFi)
  7355 | D:8      | Noticed Erica
  7518 | D:8      | Reached skill level 1 in Fighting
  7518 | D:8      | Reached skill level 1 in Necromancy
  7588 | D:8      | Reached skill level 1 in Shields
  7602 | D:8      | Killed Erica
  7603 | D:8      | Reached skill level 10 in Fire Magic
  8152 | D:9      | Noticed a two-headed ogre
  8171 | D:9      | Killed a two-headed ogre
  8172 | D:9      | Reached XP level 10. HP: 72/77 MP: 11/21
  8379 | D:9      | Reached skill level 5 in Shields
  8763 | D:9      | Identified the +6 war axe "Doga" {freeze, Drain +Blink
                  | rElec rF+}
  8771 | D:9      | Found a staircase to the Orcish Mines.
  8807 | D:9      | Found a staircase to the Lair.
  9058 | D:10     | Entered Level 10 of the Dungeon
  9316 | D:10     | Noticed a wizard
  9385 | D:10     | Reached skill level 5 in Dodging
 10238 | D:11     | Noticed a cyclops
 10291 | Lair:1   | Entered Level 1 of the Lair of Beasts
 10347 | Lair:1   | Reached skill level 5 in Fighting
 10347 | Lair:1   | Reached skill level 11 in Fire Magic
 10397 | Lair:1   | Noticed a four-headed hydra
 10406 | Lair:1   | Killed a four-headed hydra
 10415 | Lair:1   | Reached XP level 11. HP: 41/88 MP: 1/22
 11453 | Lair:2   | Noticed a five-headed hydra
 11458 | Lair:2   | Killed a five-headed hydra
 11804 | Lair:2   | Noticed Harold
 12168 | Lair:3   | Noticed a boulder beetle
 12959 | Orc:1    | Entered Level 1 of the Orcish Mines
 12960 | Orc:1    | Noticed an orc knight
 13260 | Orc:1    | Killed an orc knight
 13265 | Orc:1    | Noticed Urug
 13578 | Lair:2   | Upgraded the game from 0.28-a0-461-g2dc4ca5097 to
                  | 0.28-a0-465-ge2dae52223
 13735 | Lair:2   | Reached skill level 1 in Axes
 13735 | Lair:2   | Reached skill level 12 in Fire Magic
 13897 | Lair:2   | Noticed Dittersdorf's ghost (journeyman GrFi)
 13911 | Lair:2   | Found a runed translucent gate.
 13974 | Lair:2   | Reached XP level 12. HP: 97/100 MP: 21/26
 14137 | Lair:2   | Found a staircase to the Shoals.
 14186 | Lair:2   | Identified the +1 chain mail of Plog {+Blink rC+}
 14433 | Lair:2   | Found a runed translucent gate.
 14434 | Lair:2   | Found a runed translucent gate.
 14438 | Lair:2   | Noticed a minotaur
 15072 | Lair:3   | Found a hole to the Spider Nest.
 15182 | Lair:3   | Noticed a boulder beetle
 15402 | Lair:3   | Killed a boulder beetle
 15532 | Lair:4   | Noticed a five-headed hydra
 15877 | Lair:3   | Learned a level 6 spell: Starburst
 15892 | Lair:4   | Killed a five-headed hydra
 17163 | D:11     | Found Sasuops Waut's Weapon Shop.
 17189 | D:11     | Noticed a boulder beetle
 17306 | D:11     | Noticed a boulder beetle
 17445 | D:11     | Killed a boulder beetle
 17585 | D:11     | HP: 4/102 [boulder beetle (12)]
 17586 | D:11     | Slain by a boulder beetle

Illustrated notes

Levels and vault maps discovered:
D:1:      wander_arrival_lonely_grave, layout_basic
D:2:      layout_loops_ring, amethyst_killhole, minmay_diced_spiral
D:3:      layout_basic
D:4:      layout_basic, uniq_blork_the_orc
D:5:      layout_rooms, gammafunk_ghost_mausoleum, lemuel_old_faithful
D:6:      layout_basic, minmay_temple_entry_glass, serial_bayou,
          serial_bayou_pond_d, serial_bayou_pond_b, serial_bayou_pond_e,
          serial_bayou_pond_a, gammafunk_ghost_grave, uniq_maggie
D:7:      layout_rooms, ebering_ghost_gozag
D:8:      layout_rooms, minivault_19, uniq_erica
D:9:      layout_basic, trog_butcher_becter, david_lair_shrubbed, orc_0_dummy,
          st_stairs_14, grunt_decor_cap
D:10:     layout_cave_pools, serial_column_ruins, column_ruins_square_medium,
          column_ruins_hut_ruined, column_ruins_corridor_T,
          column_ruins_columns_dead_end, column_ruins_columns_corner,
          column_ruins_open_small, column_ruins_open_tiny, lightli_wizard_tower
D:11:     layout_rooms, serial_shops, shop
Lair:1:   layout_long_grid
Lair:2:   layout_layer_cave, minmay_shoals_entry_hut,
          maelrawn_ghost_gauntlet_escape, infiniplex_staircase_pool, uniq_harold
Lair:3:   minmay_lair_oklob_tunnel, layout_small_grid,
          spider_nest_entry_funnel_web, nicolae_lair_grove_arrangements
Lair:4:   layout_misc_corridors, beast_lair_carwin_10
Orc:1:    layout_diamond_mine, uniq_urug

Skill      XL: |  1  2  3  4  5  6  7  8  9 10 11 12 |
---------------+-------------------------------------+-----
Conjurations   | 1 2 3 4 5 |  5.0
Spellcasting   | 2 3 4 5 6 7 |  7.5
Fire Magic     | 3 4 5 6 9 10 11 12 | 12.4
Dodging        | 3 5 7 8 |  8.5
Fighting       | 3 5 7 8 |  8.2
Necromancy     | 1 |  1.0
Shields        | 4 5 |  5.2
Axes           | 1 3 |  3.8
Stealth        | |  1.7
Evocations     | |  0.9

Action                   |  1- 3 |  4- 6 |  7- 9 | 10-12 || total
-------------------------+-------+-------+-------+-------++-------
Melee: Spear             |     3 |       |       |       ||     3
       Trident           |    14 |     9 |     8 |    24 ||    55
       War axe           |       |       |       |   116 ||   116
Throw: Dart              |       |       |     2 |       ||     2
       Boomerang         |       |       |       |     7 ||     7
 Cast: Foxfire           |    51 |    43 |    78 |    52 ||   224
       Scorch            |     9 |    13 |    53 |    72 ||   147
       Flame Wave        |       |     3 |     8 |    48 ||    59
       Fireball          |       |       |     1 |    41 ||    42
       Starburst         |       |       |       |     8 ||     8
Evoke: Wand              |       |       |     6 |    12 ||    18
  Use: Scroll            |     6 |     4 |     5 |    12 ||    27
       Potion            |       |       |     2 |     3 ||     5
 Stab: Sleeping          |     2 |     1 |     1 |       ||     4
       Paralysed         |       |       |       |     5 ||     5
Armor: Robe              |     1 |     4 |     7 |       ||    12
       Steam dragon scal |       |       |     8 |   102 ||   110
Dodge: Dodged            |    21 |    12 |    58 |   206 ||   297
Block: Buckler           |       |       |     5 |    81 ||    86

Table legend: (Time is in decaauts)
 A = Elapsed time spent in this place.
 B = Non-inter-level travel time spent in this place.
 C = Inter-level travel time spent in this place.
 D = Time resting spent in this place.
 E = Time spent auto-exploring this place.
 F = Levels seen in this place.
 G = Mean time per level.
                   A        B        C        D        E       F      G
               +--------+--------+--------+--------+--------+-----+--------+
         Total |  17696 |  16859 |    837 |   2108 |  12284 |  16 | 1106.0 |
       Dungeon |  11694 |  11140 |    554 |    876 |   8531 |  11 | 1063.1 |
          Lair |   5975 |   5693 |    282 |   1232 |   3753 |   4 | 1493.8 |
  Orcish Mines |     26 |     26 |      0 |      0 |      0 |   1 |   26.0 |
               +--------+--------+--------+--------+--------+-----+--------+

Top non-repeatable levels by time:
  Lair:3: 2435 daAuts
  Lair:2: 1846 daAuts
    D:10: 1722 daAuts
     D:6: 1622 daAuts
     D:9: 1607 daAuts
     D:4: 1497 daAuts
  Lair:1: 1288 daAuts
     D:2: 1050 daAuts
     D:7: 984 daAuts
     D:1: 894 daAuts
     D:3: 845 daAuts
     D:8: 550 daAuts
     D:5: 493 daAuts
    D:11: 425 daAuts
  Lair:4: 404 daAuts
